 Dungeon Crawl Stone Soup version 0.31-a0-102-g33a4ccc0cb (webtiles) character file.

Game seed: 965267834322632479

267 ytrimaz the Cudgeller (level 6, 0/62 HPs)
             Began as an Ogre Berserker on May 26, 2023.
             Was a Follower of Trog.
             Slain by a goblin
             ... wielding a +0 club
             ... led by Robin
              (4 damage)
             ... on level 3 of the Dungeon.
             The game lasted 00:01:58 (2128 turns).

ytrimaz the Cudgeller (Ogre Berserker)              Turns: 2128, Time: 00:01:59

Health: 0/62       AC:  3    Str: 24    XL:     6   Next: 21%
Magic:  6/6        EV: 10    Int:  8    God:    Trog [*.....]
Gold:   32         SH:  0    Dex:  8    Spells: 5/5 levels left

rFire   . . .        a - +1 mace
rCold   . . .        (no shield)
rNeg    . . .        b - +0 animal skin
rPois   .            (helmet restricted)
rElec   .            (no cloak)
rCorr   +            (gloves unavailable)
SInv    .            (boots unavailable)
Will    .....        (no amulet)
Stlth   +            g - ring of resist corrosion
HPRegen 0.30/turn    (no ring)
MPRegen 0.10/turn

%: no passive effects
@: on berserk cooldown, slowed, very slow
A: large, unfitting armour, tough skin 1
a: Renounce Religion, Berserk


You were on level 3 of the Dungeon.
You worshipped Trog.
Trog was aware of your devotion.
You visited 1 branch of the dungeon, and saw 3 of its levels.

You collected 104 gold pieces.
You spent 72 gold pieces at shops.


Innate Abilities, Weirdness & Mutations

You are too large for most types of armour.
You have tough skin. (AC +1)


   Skills:
 - Level 4.0 Fighting
 + Level 5.3 Maces & Flails
 + Level 3.0 Throwing
 - Level 2.6 Dodging


You had 5 spell levels left.
You didn't know any spells.
Your spell library was empty.

Inventory:

Hand Weapons
 a - a +1 mace (weapon)
Missiles
 d - 2 large rocks (quivered)
Armour
 b - a +0 animal skin (worn)
Jewellery
 g - a ring of resist corrosion (left hand)
   (You found it on level 1 of the Dungeon)
Wands
 e - a wand of mindburst (1)
   (You found it on level 3 of the Dungeon)
Scrolls
 c - a scroll of magic mapping
Potions
 f - a potion of curing
 i - a potion of attraction

Dungeon Overview and Level Annotations

Branches:
Dungeon (3/15) Zot: 15822

Altars:

Shops:
D:2 !

Annotations:
D:3 Robin

...ยงg####.##...##.#####
#..gggยง.ยงg#............
########)gg.......#####
######g##### #.# #g# #g# #g#
############ #@# #..........#
#g# ########## #.###.##.#.# #.#
#........# #.# #.##.#.# #.#
###.######.# #.# #โ€ .....# #.#
#.......##.# #.#
#.##...####.###.#.###.##.# #.#
#?##............#.###.##.##
#.###.##.#.##.....###.........#
#..........###...## #>........#


You could see Robin, 2 hobgoblins and 2 goblins.


Message History

๐Ÿ˜ฑ HP[-2]
You take 2 damage, and now have 10/62 hp.
The hobgoblin attacks as you move away! The hobgoblin hits you.
* * * LOW HITPOINT WARNING * * *
The goblin attacks as you move away! The goblin hits you with a +0 club.
* * * LOW HITPOINT WARNING * * *
The goblin no longer looks unusually strong. ๐Ÿ˜ฑ HP[-4]
You take 4 damage, and now have 6/62 hp.
The goblin attacks as you move away! The goblin closely misses you.
Your skin stops crawling.
You feel less strong-willed. ๐Ÿ˜ฑ HP[+1]
You feel better.
The hobgoblin no longer looks unusually strong.
The goblin hits you but does no damage. ๐Ÿ˜ฑ HP[+7]
You regained 7 hp, and now have 14/62 hp.
The goblin attacks as you move away! The goblin hits you with a +0 club.
* * * LOW HITPOINT WARNING * * *
The hobgoblin is attracted toward you. x2 ๐Ÿ˜ฑ HP[-2]
You take 2 damage, and now have 12/62 hp.
The goblin no longer looks unusually strong.
The hobgoblin no longer looks unusually strong.
Robin throws the goblin at you! The goblin is attracted toward you.
Robin is attracted toward you.
You barely miss the goblin. The goblin hits you with a +0 club.
* * * LOW HITPOINT WARNING * * *
The goblin barely misses you.
Robin roars a battlecry!
The goblins go into a battle-frenzy!
You sock the goblin!
You kill the goblin!
Trog accepts your kill. The goblin hits you but does no damage.
Robin throws the goblin at you!
* * * LOW HITPOINT WARNING * * *
๐Ÿ˜ฑ HP[-1]
You take 1 damage, and now have 11/62 hp.
You feel better. The goblin closely misses you.
The goblin hits you with a +0 dagger.
* * * LOW HITPOINT WARNING * * *
๐Ÿ˜จ HP[+8]
You regained 8 hp, and now have 19/62 hp.
Okay, then.
A red film seems to cover your vision as you go berserk!
You feel yourself moving faster!
You feel mighty! The goblin hits you with a +0 club.
* * * LOW HITPOINT WARNING * * *
The goblin hits you with a +0 dagger.
* * * LOW HITPOINT WARNING * * *
๐Ÿ˜ฑ HP[+3]
You now have 93 max hp (+31).
You regained 3 hp, and now have 22/93 hp.
Unknown command.
You thump the goblin!
You kill the goblin!
Trog accepts your kill. The goblin closely misses you.
Robin throws the goblin at you! The goblin hits you but does no damage.
Robin is attracted toward you.
You feel less attractive to monsters.
Things that are here:
a +0 dagger; a +0 club; a goblin corpse You closely miss the goblin. ๐Ÿ˜ฑ HP[+1]
You barely miss the goblin. The goblin hits you but does no damage.
The goblin closely misses you.
You barely miss the goblin. The goblin hits you with a +0 club.
* * * LOW HITPOINT WARNING * * *
The goblin hits you but does no damage. ๐Ÿ˜ฑ HP[-4]
You take 4 damage, and now have 19/93 hp.
You barely miss the goblin. The goblin closely misses you.
The goblin hits you with a +0 club.
* * * LOW HITPOINT WARNING * * *
๐Ÿ˜ฑ HP[-2]
You take 2 damage, and now have 17/93 hp.
You barely miss the goblin. ๐Ÿ˜ฑ HP[+1]
You miss the goblin. The goblin hits you but does no damage.
The goblin hits you with a +0 club.
* * * LOW HITPOINT WARNING * * *
๐Ÿ˜ฑ HP[-3]
You take 3 damage, and now have 15/93 hp.
You sock the goblin!
You kill the goblin!
Trog accepts your kill. The goblin hits you with a +0 club.
* * * LOW HITPOINT WARNING * * *
๐Ÿ˜ฑ HP[-6]
You take 6 damage, and now have 9/93 hp.
Things that are here:
a +0 club; a goblin corpse You feel a strong urge to attack something.
You are no longer berserk.
You are exhausted.
You feel yourself slow down. The goblin barely misses you.
Robin throws the goblin at you!
* * * LOW HITPOINT WARNING * * *
The goblin hits you with a +0 club.
You die...

Skill      XL: |  1  2  3  4  5  6 |
---------------+-------------------+-----
Maces & Flails | 3 4 5 |  5.3
Throwing       | 2 3 |  3.0
Fighting       | |  4.0
Dodging        | |  2.6

Action                     |  1- 3 |  4- 6 || total
---------------------------+-------+-------++-------
  Melee: Mace              |    59 |    79 ||   138
  Throw: Large rock        |       |     4 ||     4
 Invoke: Berserk           |     1 |     2 ||     3
         Trog's Hand       |       |     1 ||     1
    Use: Scroll            |     4 |     2 ||     6
         Potion            |       |     3 ||     3
 Armour: Animal skin       |    14 |    36 ||    50
  Dodge: Dodged            |    33 |    56 ||    89

Levels and vault maps discovered:
D:1:      tekkud_arrival_beachfront_property, layout_loops_ring
D:2:      layout_loops_cross, serial_shops, nicolae_shop_advertising_works
          [nicolae_subvault_shop_adworks], kennysheep_nub, uniq_jessica,
          uniq_sigmund
D:3:      layout_loops_corners, uniq_robin

Notes
Turn   | Place    | Note
-------+----------+-------------------------------------------
     0 | D:1      | ytrimaz the Ogre Berserker began the quest for the Orb.
     0 | D:1      | Reached XP level 1. HP: 24/24 MP: 1/1
     0 | D:1      | magus.rc [v1.9.6]
   230 | D:1      | Reached skill level 3 in Maces & Flails
   381 | D:1      | Reached XP level 2. HP: 32/32 MP: 2/2
   954 | D:2      | HP: 8/32 [poisoned by an adder]
  1081 | D:2      | Reached XP level 3. HP: 35/39 MP: 3/3
  1188 | D:2      | Noticed Jessica
  1197 | D:2      | Killed Jessica
  1198 | D:2      | Reached skill level 4 in Maces & Flails
  1218 | D:2      | Reached XP level 4. HP: 22/48 MP: 4/4
  1552 | D:2      | Reached skill level 1 in Throwing
  1669 | D:2      | Noticed Sigmund
  1679 | D:2      | Killed Sigmund
  1680 | D:2      | Reached skill level 5 in Maces & Flails
  1680 | D:2      | Reached skill level 2 in Throwing
  1680 | D:2      | Reached XP level 5. HP: 54/54 MP: 5/5
  1680 | D:2      | Reached XP level 6. HP: 62/62 MP: 6/6
  1810 | D:2      | Found Pus Paj's Distillery.
  1817 | D:2      | Bought 2 potions of curing for 72 gold pieces
  2092 | D:3      | Noticed Robin
  2094 | D:3      | Reached skill level 3 in Throwing
  2094 | D:3      | Reached ** piety under Trog
  2102 | D:3      | HP: 14/62 [hobgoblin[Robin] (6)]
  2107 | D:3      | HP: 13/62 [hobgoblin[Robin] (4)]
  2109 | D:3      | HP: 5/62 [goblin/+0 club[Robin] (3)]
  2114 | D:3      | HP: 12/62 [goblin/+0 club[Robin] (1)]
  2122 | D:3      | HP: 19/93 [goblin/+0 club[Robin] (4)]
  2126 | D:3      | HP: 9/93 [goblin/+0 club[Robin] (6)]
  2128 | D:3      | HP: 4/62 [Robin/goblin (2)]
  2128 | D:3      | Slain by a goblin

Vanquished Creatures
  Sigmund (D:2)
  Jessica (D:2)
  5 adders
  A dart slug (D:2)
  3 endoplasms (D:2)
  4 giant cockroaches
  7 goblins
  A hobgoblin (D:3)
  A quokka (D:1)
  3 ball pythons
  A bat (D:2)
  4 frilled lizards
  3 kobolds
  3 rats (D:1)
38 creatures vanquished.

Table legend:
 A = Non-vault XP
 B = Vault XP
 C = Vault XP percentage of total XP
 D = Non-vault monster count
 E = Vault monster count
 F = Vault count percentage of total count
                 A         B        C        D         E       F
            +---------+---------+-------+---------+---------+-------
      Total |     109 |     273 |  71.5 |      31 |       7 |  18.4
            +---------+---------+-------+---------+---------+-------
        D:1 |      12 |       0 |   0.0 |       8 |       0 |   0.0
        D:2 |      78 |     263 |  77.1 |      18 |       2 |  10.0
        D:3 |      19 |      10 |  34.5 |       5 |       5 |  50.0
            +---------+---------+-------+---------+---------+-------

Skill      XL: |  1  2  3  4  5  6 |
---------------+-------------------+-----
Maces & Flails | 3 4 5 |  5.3
Throwing       | 2 3 |  3.0
Fighting       | |  4.0
Dodging        | |  2.6

Action                     |  1- 3 |  4- 6 || total
---------------------------+-------+-------++-------
  Melee: Mace              |    59 |    79 ||   138
  Throw: Large rock        |       |     4 ||     4
 Invoke: Berserk           |     1 |     2 ||     3
         Trog's Hand       |       |     1 ||     1
    Use: Scroll            |     4 |     2 ||     6
         Potion            |       |     3 ||     3
 Armour: Animal skin       |    14 |    36 ||    50
  Dodge: Dodged            |    33 |    56 ||    89

Illustrated notes

Table legend:
 A = Kills in this place as a percentage of kills in the entire game.
 B = Kills by you in this place as a percentage of kills by you in the entire game.
 C = Kills by friends in this place as a percentage of kills by friends in the entire game.
 D = Other kills in this place as a percentage of other kills in the entire game.
 E = Experience gained in this place as a percentage of experience gained in the entire game.
 F = Experience gained in this place divided by the number of levels of this place that you have seen.
                   A       B       C       D       E      F
               +-------+-------+-------+-------+-------+----------------------
         Total | 100.0 | 100.0 |   N/A |   N/A | 100.0 | 127.3
       Dungeon | 100.0 | 100.0 |   N/A |   N/A | 100.0 | 127.3
               +-------+-------+-------+-------+-------+----------------------

Table legend: (Time is in decaauts)
 A = Elapsed time spent in this place.
 B = Non-inter-level travel time spent in this place.
 C = Inter-level travel time spent in this place.
 D = Time resting spent in this place.
 E = Time spent auto-exploring this place.
 F = Levels seen in this place.
 G = Mean time per level.
                   A        B        C        D        E       F      G
               +--------+--------+--------+--------+--------+-----+--------+
         Total |   2177 |   2143 |     34 |      0 |   1807 |   3 |  725.7 |
       Dungeon |   2177 |   2143 |     34 |      0 |   1807 |   3 |  725.7 |
               +--------+--------+--------+--------+--------+-----+--------+

Top non-repeatable levels by time:
     D:2: 1018 daAuts
     D:1: 916 daAuts
     D:3: 242 daAuts
